 Dungeon Crawl Stone Soup version 0.19-a0-450-g98b348d (webtiles) character file.

109 tyrsky the Digger (level 4, 0/24 HPs)
             Began as a Gargoyle Earth Elementalist on June 1, 2016.
             Slain by Crazy Yiuf
             ... wielding a +3 quarterstaff of chaos
              (5 damage)
             ... on level 3 of the Dungeon.
             The game lasted 00:05:29 (2315 turns).

tyrsky the Digger (Gargoyle Earth Elementalist)     Turns: 2315, Time: 00:05:30

Health: 0/24       AC:  5    Str: 11    XL:     4   Next: 89%
Magic:  4/10       EV: 16    Int: 17    God:
Gold:   154        SH:  0    Dex: 10    Spells: 2 memorised, 8 levels left

rFire  . . .     SeeInvis .     g - +0 whip
rCold  . . .     Gourm    .     e - +0 robe
rNeg   + . .     Faith    .     (no shield)
rPois  ∞         Spirit   .     (no helmet)
rElec  +         Dismiss  .     (no cloak)
rCorr  .         Reflect  .     (no gloves)
SustAt .         Harm     .     (no boots)
MR     .....                    (no amulet)
Stlth  ++........               (no ring)
                                k - +4 ring of evasion

@: not resistant to hostile enchantments, unstealthy
A: negative energy resistance 1, electricity resistance, unbreathing,
petrification resistance, rot immunity, AC +3
a: no special abilities


You were on level 3 of the Dungeon.
You were not hungry.

You visited 1 branch of the dungeon, and saw 3 of its levels.

You collected 154 gold pieces.

Inventory:

Hand Weapons
 g - a +0 whip (weapon)
Missiles
 b - 123 stones (quivered)
Armour
 e - a +0 robe (worn)
Jewellery
 k - a +4 ring of evasion (left hand)
Scrolls
 h - 3 scrolls of identify {unknown}
 m - a scroll of immolation {unknown}
 o - 2 scrolls of remove curse {unknown}
 q - a scroll of noise {unknown}
 r - 2 scrolls of teleportation {unknown}
 s - a scroll of enchant weapon {unknown}
 t - a scroll of random uselessness {unknown}
 u - a scroll of fear {unknown}
Potions
 f - a potion of degeneration {unknown}
 i - a potion of curing {unknown}
 l - 2 potions of heal wounds {unknown}
 n - a potion of lignification {unknown}
 p - a potion of flight {unknown}
Books
 c - a book of Geomancy

   Spells                             Type                      Level
   a - Sandblast                      Earth                        1
   b - Passwall                       Transmutation/Earth          2
   c - Stone Arrow                    Conjuration/Earth            3
   d - Petrify                        Transmutation/Earth          4
   e - Lee's Rapid Deconstruction     Earth                        5
Comestibles
 a - 2 meat rations
 d - 3 bread rations
 j - 2 fruits
 v - a chunk of flesh


   Skills:
 - Level 1.5 Dodging
 - Level 2.1 Stealth
 * Level 4.0 Spellcasting
 - Level 0.7 Transmutations
 + Level 4.5 Earth Magic


You had 8 spell levels left.
You knew the following spells:

 Your Spells              Type           Power        Failure   Level  Hunger
a - Sandblast             Erth           ###...       2%          1    None
b - Passwall              Tmut/Erth      ##........   10%         2    ##.....


Dungeon Overview and Level Annotations

Branches:
Dungeon (3/15)

Altars:

Annotations:
D:2 Sigmund
D:3 Crazy Yiuf, Grinder


Innate Abilities, Weirdness & Mutations

You are resistant to torment.
Your stone body is resilient. (AC +3)
You are immune to poison.
You resist negative energy. (rN+)
You are resistant to electric shocks. (rElec)
You can survive without breathing.
You are immune to petrification.
You are immune to rotting.


Message History

Crazy Yiuf is lightly wounded.
Crazy Yiuf barely misses you.
Casting: Sandblast
Confirm with . or Enter, or press ? or * to list all spells.
Aiming: Sandblast
Press: ? - help, Shift-Dir - straight line, f/p - Crazy Yiuf
Aim: Crazy Yiuf, wielding a quarterstaff of chaos and wearing a cloak (lightly wounded)
The blast of sand hits Crazy Yiuf.
Crazy Yiuf is heavily wounded.
Crazy Yiuf hits you with a quarterstaff of chaos!
* * * LOW HITPOINT WARNING * * *
Casting: Sandblast
Confirm with . or Enter, or press ? or * to list all spells.
Aiming: Sandblast
Press: ? - help, Shift-Dir - straight line, f/p - Crazy Yiuf
Aim: Crazy Yiuf, wielding a quarterstaff of chaos and wearing a cloak (heavily wounded)
The blast of sand hits Crazy Yiuf.
Crazy Yiuf is heavily wounded.
Crazy Yiuf hits you with a quarterstaff of chaos.
You die...

....#
#.##...............# ###
....##
##.################.###..
##...####..# #.##..#
##.#.#....## #....##
...#...#..###♣♣ ###
###### #########..#..♣♣
#.((# #......♣♣♣♣.(..(#
##......♣g.♣ ###...♣9♣♣♣
##♣♣♣♣♣


You could see Crazy Yiuf.

Vanquished Creatures
  An orc wizard (D:3)
  3 adders
  A worm (D:3)
  A dart slug (D:3)
  5 orcs
  5 giant cockroaches
  4 goblins
  6 hobgoblins
  2 jackals (D:3)
  7 bats (D:1)
  4 giant newts
  5 kobolds
  3 rats (D:1)
47 creatures vanquished.

Notes
Turn   | Place    | Note
--------------------------------------------------------------
     0 | D:1      | tyrsky the Gargoyle Earth Elementalist began the quest for the Orb.
     0 | D:1      | Reached XP level 1. HP: 10/10 MP: 3/3
   229 | D:1      | Reached XP level 2. HP: 14/15 MP: 0/5
   235 | D:1      | Learned a level 2 spell: Passwall
   812 | D:1      | Reached XP level 3. HP: 19/19 MP: 4/7
  1108 | D:2      | Noticed Sigmund
  1782 | D:2      | Reached XP level 4. HP: 17/24 MP: 0/9
  2217 | D:3      | Noticed Grinder
  2304 | D:3      | Noticed Crazy Yiuf
  2315 | D:3      | Slain by Crazy Yiuf

Vault maps used:
D:1:      evilmike_arrival_fibonacci_small
D:2:      minmay_misc_feat_more_columns, corexii_corridor_pit, uniq_sigmund
D:3:      nemelex_diamond_rough_becter, uniq_grinder, uniq_crazy_yiuf_cottage,
          uniq_robin

Skill      XL: |  1  2  3  4 |
---------------+-------------+-----
Earth Magic    | 4 |  4.5
Spellcasting   | 3 4 |  4.0
Dodging        | |  1.5
Stealth        | |  2.1
Transmutations | |  0.7

Action                   |  1- 3 |  4- 6 || total
-------------------------+-------+-------++-------
Melee: Whip              |    14 |    13 ||    27
       Unarmed           |     1 |       ||     1
Throw: Stone             |    68 |    21 ||    89
 Cast: Sandblast         |    59 |    40 ||    99
  Eat: Chunk             |     1 |     2 ||     3
       Beef jerky        |       |     1 ||     1
Armor: Robe              |    18 |     7 ||    25
Dodge: Dodged            |    32 |    21 ||    53
